AoeStats
← [H A R D] AF

MegaRandom

509938301Analyzed
4v4 RM · 4d ago on Sep 28, 2026· 49m 54s· 8 players
Game mode
Random Map
Map size
Large (8 player)
Population
200
Speed
Normal
Resources
Standard
Victory
Conquest
Starting age
Dark Age
Ending age
Imperial Age
RankedLock teamsTeams togetherTeam positionsShared explorationLock speedFull tech treeHidden civsTurbo modeCheats
Victory
Defeat
🇨🇭 Britons · Switzerland
1253
+11
🇨🇭 Celts · Switzerland
1131
+16
🇨🇭 Franks · Switzerland
1099
+19
🇦🇷 Mongols · Argentina
1081
+18
🇳🇱 Saxons · Netherlands
1176
-17
🇩🇪 Sicilians · Germany
1157
-17
🇨🇭 Mongols · Switzerland
1120
-15
🇳🇱 Varangians · Netherlands
1109
-15
frickman
0:42 Loom
11:14 Feudal Age
12:25 Double-Bit Axe
20:10 Padded Archer Armor
21:33 Stone Mining
22:46 Fletching
26:10 Castle Age
24:13 Fishing Lines
25:34 Bloodlines
26:08 Horse Collar
27:10 Thumb Ring
27:03 Bodkin Arrow
27:24 Leather Archer Armor
27:30 Heavy Plow
28:09 Bow Saw
27:29 Elite Skirmisher
30:32 Wheelbarrow
35:20 Gold Mining
37:11 Ballistics
37:13 Hand Cart
38:11 Gold Shaft Mining
42:53 Imperial Age
41:30 Masonry
41:48 Murder Holes
44:31 Hoardings
44:18 Conscription
44:04 Husbandry
45:25 Chemistry
45:18 Bracer
45:34 Leather Archer Armor
46:35 Elite Mangudai
47:48 Forging
47:44 Scale Barding Armor
Stoflong
0:28 Loom
10:43 Feudal Age
11:49 Double-Bit Axe
16:46 Castle Age
15:05 Gold Mining
14:58 Horse Collar
15:47 Fletching
16:04 Scale Mail Armor
16:58 Arson
17:27 Gambesons
24:22 Wheelbarrow
23:59 Heavy Plow
25:07 Chain Mail Armor
27:00 Hand Cart
27:32 Forging
29:25 Bow Saw
29:06 Town Watch
35:55 Imperial Age
33:32 Caravan
34:13 Masonry
33:59 Murder Holes
36:55 Guilds
37:36 Iron Casting
37:32 Plate Mail Armor
36:29 Shield Wall
37:32 Conscription
41:08 Onager
42:53 Hoardings
42:55 Fletching
43:06 Padded Archer Armor
45:22 Cranequins
46:54 Bodkin Arrow
47:04 Scale Barding Armor
47:07 Heavy Mounted Crossbowman
49:15 Bracer
dirkwijers
0:43 Loom
11:54 Feudal Age
16:51 Castle Age
16:20 Arson
17:37 Gambesons
17:55 Scale Mail Armor
18:01 Squires
25:10 Double-Bit Axe
27:39 Horse Collar
29:16 Wheelbarrow
30:48 Chain Mail Armor
31:53 Forging
35:36 Imperial Age
34:08 Iron Casting
39:33 Elite Varangian Guard
40:34 Gothikon
noziemann
0:30 Loom
11:52 Feudal Age
16:57 Castle Age
15:52 Scale Barding Armor
16:40 Forging
17:31 Bloodlines
18:11 Chain Barding Armor
21:05 Husbandry
35:16 Fletching
41:32 Elite Skirmisher
45:38 Wheelbarrow
45:15 Horse Collar
46:15 Heavy Plow
[H A R D] AF
3:56 Loom
10:58 Feudal Age
11:47 Double-Bit Axe
12:48 Fletching
12:56 Gold Mining
16:08 Horse Collar
27:15 Padded Archer Armor
30:43 Castle Age
30:52 Crossbowman
32:25 Heavy Plow
34:34 Ballistics
44:32 Bodkin Arrow
46:18 Bow Saw
47:03 Town Watch
[H A R D] core smurf
0:33 Loom
11:38 Feudal Age
12:26 Double-Bit Axe
16:15 Wheelbarrow
15:52 Fletching
21:10 Padded Archer Armor
24:13 Castle Age
23:03 Scale Mail Armor
23:41 Man-at-Arms
24:07 Arson
24:22 Pikeman
24:24 Long Swordsman
26:21 Gambesons
26:31 Gold Mining
26:58 Chain Mail Armor
26:54 Forging
27:14 Bow Saw
27:47 Gold Shaft Mining
28:03 Horse Collar
29:49 Hand Cart
29:50 Heavy Plow
32:35 Iron Casting
33:21 Town Watch
39:02 Imperial Age
36:35 Stone Mining
37:12 Bodkin Arrow
38:10 Ballistics
39:13 Two-Handed Swordsman
39:49 Capped Ram
41:04 Siege Engineers
41:40 Stronghold
45:46 Plate Mail Armor
46:38 Conscription
[H A R D] wiealtesBROT
0:37 Loom
11:15 Feudal Age
15:17 Castle Age
13:04 Double-Bit Axe
14:47 Fishing Lines
16:08 Bow Saw
17:51 Wheelbarrow
19:25 Gold Mining
21:08 Squires
22:02 Scale Mail Armor
23:04 Forging
25:14 Chain Mail Armor
25:36 Iron Casting
26:41 Stone Mining
27:28 Gold Shaft Mining
27:55 Hand Cart
32:11 Imperial Age
30:29 Fletching
31:02 Ballistics
30:23 Treadmill Crane
30:38 Murder Holes
32:20 Bodkin Arrow
33:17 Conscription
32:22 Elite Throwing Axeman
34:02 Hoardings
34:12 Hoardings
33:11 Capped Ram
34:50 Plate Mail Armor
35:27 Blast Furnace
37:46 Chemistry
36:53 Siege Engineers
42:30 Town Watch
bambi
0:33 Loom
9:40 Feudal Age
10:51 Horse Collar
10:59 Double-Bit Axe
17:58 Castle Age
16:03 Fletching
16:26 Bloodlines
18:45 Bodkin Arrow
18:51 Padded Archer Armor
19:17 Thumb Ring
19:33 Gold Mining
20:20 Bow Saw
20:52 Husbandry
22:20 Gold Shaft Mining
23:18 Ballistics
24:02 Wheelbarrow
24:21 Leather Archer Armor
27:12 Heavy Plow
38:33 Hand Cart
44:34 Imperial Age
45:17 Bracer
46:18 Chemistry
45:04 Elite Mangudai
48:21 Drill
48:19 Capped Ram
49:01 Siege Ram
Connection lost

Rejoining the realm…

Still unreachable

The connection could not be restored.

Session expired

The server has moved on; the page needs a fresh start.